 Dungeon Crawl Stone Soup version 0.26-a0-738-g91b530ce93 (webtiles) character file.

Game seed: 5730083100199923835

175 Froggeryz the Ruffian (level 5, -5/52 HPs)
             Began as a Naga Wanderer on Nov 5, 2020.
             Slain by an iron imp (10 damage)
             ... summoned by Natasha
             ... on level 3 of the Dungeon.
             The game lasted 00:03:08 (3705 turns).

Froggeryz the Ruffian (Naga Wanderer)               Turns: 3705, Time: 00:03:08

Health: -5/52      AC:  2    Str: 14    XL:     5   Next: 55%
Magic:  5/5        EV:  9    Int: 11    God:
Gold:   119        SH:  0    Dex: 13    Spells: 4/4 levels left

rFire    . . .     SeeInvis +   o - +2 dagger (freeze)
rCold    . . .     Faith    .   (no shield)
rNeg     . . .     Spirit   .   c - +0 robe
rPois    +         Reflect  .   (no helmet)
rElec    .         Harm     .   (no cloak)
rCorr    .         Rampage  .   (no gloves)
MR       .....                  (no barding)
Stlth    ++........             (no amulet)
HPRegen  0.17/turn              (no ring)
MPRegen  0.09/turn              (no ring)

@: slowed, very slow
A: large, see invisible, deformed body, poison resistance, slowness 2, spit
poison 1, AC +1
a: Spit Poison


You were on level 3 of the Dungeon.
You visited 1 branch of the dungeon, and saw 3 of its levels.

You collected 119 gold pieces.

Inventory:

Hand Weapons
 o - a +2 dagger of freezing (weapon)
Armour
 c - a +0 robe (worn)
Jewellery
 k - an uncursed ring of ice
Scrolls
 a - a scroll of enchant weapon {unknown}
 f - 2 scrolls of immolation {unknown}
 i - a scroll of noise {unknown}
 j - a scroll of fear {unknown}
 p - a scroll of identify
Potions
 b - 2 potions of lignification
 d - 2 potions of stabbing
 e - a potion of heal wounds {unknown}
 g - a potion of mutation {unknown}
 h - a potion of brilliance {unknown}
 l - 2 potions of flight {unknown}
 m - 2 potions of berserk rage {unknown}
 n - a potion of curing {unknown}


   Skills:
 - Level 5.0 Fighting
   Level 1.0 Polearms
 - Level 1.0 Throwing
 - Level 1.0 Armour
 - Level 1.5 Stealth
   Level 1.0 Shields
 + Level 5.1 Unarmed Combat


You had 4 spell levels left.
You didn't know any spells.
Your spell library was empty.

Dungeon Overview and Level Annotations

Branches:
Dungeon (3/15)

Altars:
Elyvilon
Sif Muna

Annotations:
D:3 Natasha


Innate Abilities, Weirdness & Mutations

You cannot wear boots.
Your serpentine skin is tough. (AC +1)
You have supernaturally acute eyesight. (SInv)
Armour fits poorly on your strangely shaped body.
Your system is resistant to poisons. (rPois)
You cover ground very slowly.
You can spit poison.


Message History

The puff of frost hits you. Natasha claws you. The iron imp barely misses you.
The white imp hits you but does no damage.
You completely miss Natasha.
Natasha is severely wounded.
Natasha casts a spell at you. The magic dart hits you! The white imp hits you.
The white imp freezes you. The iron imp hits you.
* * * LOW HITPOINT WARNING * * *
Natasha howls an incantation.
Natasha glows brightly for a moment.
Natasha barely misses you.
You barely miss Natasha.
Natasha is severely wounded.
You have got your breath back.
The white imp puffs mist at you. The white imp gestures at you.
The puff of frost hits you!
* * * LOW HITPOINT WARNING * * *
The iron imp hits you!
You die...

. .#. ...#
#.#########...#.
......!.@h......
.#####.55......
#.###.#.## # #.#
.# #.#. ##.###.#
##....###...##.#
#........).....#
#.....###...##.#
#..#.
###.##.#####.#


You could see an iron imp (summoned), Natasha and a white imp (summoned).

Vanquished Creatures
  An orc wizard (D:3)
  Natasha (D:3)
  7 adders
  3 worms
  A dart slug (D:1)
  2 leopard geckos (D:1)
  3 orcs
  5 goblins
  2 hobgoblins
  2 jackals (D:2)
  5 kobolds
  5 quokkas (D:2)
  6 bats
  4 frilled lizards
  2 rats (D:1)
49 creatures vanquished.

Vanquished Creatures (others)
  10 plants (D:2)
10 creatures vanquished.

Grand Total: 59 creatures vanquished

Notes
Turn   | Place    | Note
-------+----------+-------------------------------------------
     0 | D:1      | Froggeryz the Naga Wanderer began the quest for the Orb.
     0 | D:1      | Froggeryz set off with the following items: a +2 spear, 2
                  | potions of lignification, a +0 robe
     0 | D:1      | Reached XP level 1. HP: 25/25 MP: 1/1
   188 | D:1      | Reached skill level 1 in Unarmed Combat
   363 | D:1      | Reached XP level 2. HP: 21/32 MP: 2/2
  1150 | D:2      | Found a shimmering blue altar of Sif Muna.
  1160 | D:2      | Reached XP level 3. HP: 28/39 MP: 3/3
  1899 | D:2      | Reached XP level 4. HP: 30/46 MP: 4/4
  2345 | D:2      | Found a white marble altar of Elyvilon.
  3149 | D:3      | Noticed Natasha
  3166 | D:2      | Reached XP level 5. HP: 19/52 MP: 5/5
  3421 | D:3      | Killed Natasha
  3567 | D:3      | Reached skill level 5 in Unarmed Combat
  3695 | D:3      | Noticed Natasha
  3705 | D:3      | Slain by an iron imp

Illustrated notes

Levels and vault maps discovered:
D:1:      dpeg_arrival_water_fire, layout_basic, minmay_misc_feat_alley
D:2:      wad_woods_stonehenge, layout_basic, elyvilon_altar_3
D:3:      layout_loops_ring, uniq_ijyb, uniq_natasha

Skill      XL: |  1  2  3  4  5 |
---------------+----------------+-----
Unarmed Combat | 1 2 3 4 5 |  5.1
Fighting       | |  5.0
Polearms       | |  1.0
Throwing       | |  1.0
Armour         | |  1.0
Stealth        | |  1.5
Shields        | |  1.0

Action                   |  1- 3 |  4- 6 || total
-------------------------+-------+-------++-------
Melee: Spear             |   100 |       ||   100
       Falchion          |     9 |    10 ||    19
       Dagger            |       |    65 ||    65
       Punch             |       |     1 ||     1
 Abil: Spit Poison       |     2 |     8 ||    10
  Use: Scroll            |     2 |       ||     2
 Stab: Sleeping          |     4 |       ||     4
Armor: Robe              |    17 |    10 ||    27
Dodge: Dodged            |    48 |    39 ||    87
       Rpst.: Falchion   |       |     1 ||     1

Table legend: (Time is in decaauts)
 A = Elapsed time spent in this place.
 B = Non-inter-level travel time spent in this place.
 C = Inter-level travel time spent in this place.
 D = Time resting spent in this place.
 E = Time spent auto-exploring this place.
 F = Levels seen in this place.
 G = Mean time per level.
                   A        B        C        D        E       F      G
               +--------+--------+--------+--------+--------+-----+--------+
         Total |   4354 |   4284 |     70 |   1320 |   2430 |   3 | 1451.3 |
       Dungeon |   4354 |   4284 |     70 |   1320 |   2430 |   3 | 1451.3 |
               +--------+--------+--------+--------+--------+-----+--------+

Top non-repeatable levels by time:
     D:2: 2671 daAuts
     D:1: 1398 daAuts
     D:3: 284 daAuts
